 Dungeon Crawl Stone Soup version 0.28.0-1-gb440e238dd (webtiles) character file.

Game seed: 18010106359107088956

791 smarlow the Destroyer (level 7, -4/36 HPs)
             Began as a Deep Elf Conjurer on Feb 23, 2022.
             Slain by a water moccasin (5 damage)
             ... on level 5 of the Dungeon.
             The game lasted 00:10:34 (5762 turns).

smarlow the Destroyer (Deep Elf Conjurer)           Turns: 5762, Time: 00:10:34

Health: -4/36      AC:  2    Str:  4    XL:     7   Next: 57%
Magic:  14/18      EV: 12    Int: 25    God:
Gold:   288        SH:  0    Dex: 13    Spells: 8/19 levels left

rFire   . . .      SeeInvis .   (no weapon)
rCold   . . .      Faith    .   (no shield)
rNeg    . . .      Spirit   .   a - +0 robe
rPois   .          Reflect  .   (no helmet)
rElec   .          Harm     .   (no cloak)
rCorr   .          Rampage  .   (no gloves)
Will    +....                   (no boots)
Stlth   ++........              (no amulet)
HPRegen 0.12/turn               l - ring of willpower
MPRegen 0.16/turn               (no ring)

@: lethally poisoned (-4 -> -10)
A: no striking features
a: no special abilities


You were on level 5 of the Dungeon.
You visited 2 branches of the dungeon, and saw 6 of its levels.
You also visited: Sewer.

You collected 288 gold pieces.

Inventory:

Armour
 a - a +0 robe (worn)
Magical Staves
 q - a staff of death
Jewellery
 l - a ring of willpower (left hand)
Wands
 r - a wand of mindburst (13)
Scrolls
 c - a scroll of fear {unknown}
 d - a scroll of magic mapping {unknown}
 i - a scroll of enchant armour {unknown}
 j - a scroll of teleportation {unknown}
 k - a scroll of enchant weapon {unknown}
 n - a scroll of immolation {unknown}
 p - a scroll of fog {unknown}
 u - 3 scrolls of identify {unknown}
 v - a scroll of holy word {unknown}
 w - a scroll of blinking {unknown}
 y - a scroll of summoning {unknown}
Potions
 b - 3 potions of curing {unknown}
 e - 6 potions of heal wounds {unknown}
 f - a potion of brilliance {unknown}
 g - 3 potions of mutation {unknown}
 h - 2 potions of might {unknown}
 m - 2 potions of degeneration {unknown}
 o - a potion of haste
 s - 2 potions of cancellation
 t - a potion of invisibility {unknown}
 x - a potion of flight {unknown}


   Skills:
 - Level 2.5 Dodging
 - Level 2.5 Stealth
 + Level 6.6 Spellcasting
 * Level 8.3 Conjurations
 + Level 3.0 Translocations


You had 8 spell levels left.
You knew the following spells:

 Your Spells              Type           Power      Damage    Failure   Level
a - Magic Dart            Conj           100%       1d8       1%          1
b - Searing Ray           Conj           100%       2d8       1%          2
c - Iskenderun's Mystic   Conj/Tloc      36%        2d9       7%          4
d - Fulminant Prism       Conj/Hex       14%        3d9       12%         4

Your spell library contained the following spells:

 Spells                   Type           Power      Damage    Failure   Level
 Dazzling Flash           Conj/Hex       58%        N/A       3%          3
 Gell's Gravitas          Tloc           23%        N/A       6%          3
 Teleport Other           Tloc           23%        N/A       6%          3
 Dispersal                Tloc           11%        N/A       97%         6


Dungeon Overview and Level Annotations

Branches:
Dungeon (5/15)             Temple (1/1) D:5           Sewer (visited)

Altars:
Ashenzari
Cheibriados
Dithmenos
Elyvilon
Fedhas
Gozag
Kikubaaqudgha
Makhleb
Nemelex Xobeh
Qazlal
Ru
Sif Muna
Trog
Wu Jian
Xom
Zin
The Shining One

Annotations:
D:2 Robin, Sigmund


Message History

The adder hisses angrily.
The magic dart hits the adder!
The adder is almost dead.
The magic dart hits the adder.
You kill the adder!
Your Translocations skill increases to level 3!
Search for what [Enter for "altar", or ? for help]? staff
There is an open door here.
A water moccasin comes into view.
The water moccasin hisses angrily.
The magic dart hits the water moccasin.
The water moccasin is lightly wounded.
The magic dart hits the water moccasin.
The water moccasin is moderately wounded.
The water moccasin bites you!
You are poisoned.
The water moccasin poisons you! The water moccasin bites you.
The magic dart hits the water moccasin!
The water moccasin is heavily wounded.
You feel very sick. The water moccasin bites you.
Casting: Magic Dart (safe; 1% risk of failure)
Confirm with . or Enter, or press ? or * to list all spells.
Aiming: Searing Ray (safe; 1% risk of failure)
Press: ? - help, Shift-Dir - straight line, f/p - water moccasin
Aim: a water moccasin (heavily wounded, 72% to hit)
The searing ray hits the water moccasin.
The water moccasin is severely wounded. (Press . to maintain the ray.)
You feel very sick. The water moccasin bites you!
* * * LOW HITPOINT WARNING * * *
The water moccasin barely misses you.
* * * LOW HITPOINT WARNING * * *
You feel very sick.
It was a potion of cancellation.
You feel magically purged.
* * * LOW HITPOINT WARNING * * *
You feel sick. The water moccasin barely misses you.
The water moccasin bites you.
You die...

##.......##
#.........#
+.........+
#.........#
##.......##
##.....## #####.#
##...## #.....#
##'## #S# #.# #@#
###.##### #.#
#.......# #.#
#....##.# #.#
#.....#.# #.#
#....##.# #.#
#.#.###.#####.#
...............#
###.#####.#######


You could see a water moccasin.

Vanquished Creatures
  An ice beast (D:5)
  A necrophage (D:4)
  An ogre (D:5)
  2 bullfrogs (Sewer)
  A scorpion (D:5)
  2 howler monkeys (D:4)
  A hound (D:5)
  2 orc wizards (D:3)
  5 adders
  An ufetubus (D:5)
  3 worms
  A dart slug (D:3)
  15 orcs
  8 ball pythons
  4 bats
  3 endoplasms
  14 giant cockroaches
  10 goblins
  10 hobgoblins
  3 jackals (D:3)
  7 quokkas
  12 frilled lizards
  7 kobolds
  5 rats
119 creatures vanquished.

Notes
Turn   | Place    | Note
-------+----------+-------------------------------------------
     0 | D:1      | smarlow the Deep Elf Conjurer began the quest for the Orb.
     0 | D:1      | Reached XP level 1. HP: 10/10 MP: 6/6
   258 | D:1      | Reached XP level 2. HP: 15/15 MP: 4/8
   266 | D:1      | Learned a level 2 spell: Searing Ray
   907 | D:2      | Reached skill level 5 in Conjurations
  1031 | D:2      | Reached XP level 3. HP: 19/19 MP: 5/10
  1687 | D:2      | Noticed Robin
  1777 | D:2      | Noticed Sigmund
  1941 | D:2      | Reached XP level 4. HP: 22/24 MP: 0/12
  2051 | D:3      | Found a glowing drain.
  2127 | Sewer    | Entered a sewer
  2534 | Sewer    | Noticed a bullfrog
  2538 | Sewer    | Killed a bullfrog
  2539 | Sewer    | Reached skill level 6 in Conjurations
  2539 | Sewer    | Reached XP level 5. HP: 24/28 MP: 9/14
  2606 | Sewer    | Reached skill level 5 in Spellcasting
  3290 | D:3      | Reached XP level 6. HP: 32/32 MP: 12/16
  3334 | D:3      | Learned a level 4 spell: Iskenderun's Mystic Blast
  3339 | D:3      | Learned a level 4 spell: Fulminant Prism
  3420 | D:3      | Reached skill level 7 in Conjurations
  3981 | D:3      | Found a faded altar of an unknown god.
  4245 | D:4      | Reached skill level 1 in Translocations
  4375 | D:4      | Found a white marble altar of Elyvilon.
  4534 | D:4      | Found a bloodstained altar of Trog.
  4715 | D:4      | Found a glowing golden altar of the Shining One.
  4897 | D:5      | Entered Level 5 of the Dungeon
  4942 | D:5      | Found a staircase to the Ecumenical Temple.
  4953 | Temple   | Entered the Ecumenical Temple
  5155 | D:5      | Reached XP level 7. HP: 36/36 MP: 13/18
  5277 | D:5      | Reached skill level 8 in Conjurations
  5762 | D:5      | HP: 1/36 [poisoned by a water moccasin]
  5762 | D:5      | Slain by a water moccasin

Illustrated notes

Levels and vault maps discovered:
D:1:      beargit_arrival_greenhouse, layout_loops_ring
D:2:      layout_rooms, serial_park_tiny_2, minmay_misc_feat_hallway,
          chequers_decorated_corner, minivault_27, minmay_tetromino_t2,
          uniq_sigmund, uniq_robin
D:3:      layout_rooms, portal_sewer_entry_f,
          hellmonk_ecumenical_altar_inner_sanctum
D:4:      layout_basic, nicolae_elyvilon_peaceful_grove,
          mainiacjoe_overflow_small_starburst, old_standard_altar, fountainhead,
          grunt_ministairs_13
D:5:      layout_loops_corners, minmay_temple_entry_sparse_star,
          hangedman_decor_diamond_cutter
Temple:   zaba_magenta_temple

Skill      XL: |  1  2  3  4  5  6  7 |
---------------+----------------------+-----
Conjurations   | 5 6 7 8 |  8.3
Spellcasting   | 4 5 6 |  6.6
Translocations | 2 3 |  3.0
Dodging        | |  2.5
Stealth        | |  2.5

Action                   |  1- 3 |  4- 6 |  7- 9 || total
-------------------------+-------+-------+-------++-------
 Cast: Magic Dart        |    91 |   149 |    22 ||   262
       Searing Ray       |     5 |     6 |     3 ||    14
       Iskenderun's Myst |       |     1 |     4 ||     5
  Use: Potion            |       |       |     1 ||     1
Armor: Robe              |     4 |     1 |       ||     5
Dodge: Dodged            |     7 |     7 |     5 ||    19
